 Dungeon Crawl Stone Soup version 0.29.1-12-g30fa7ad0bf (webtiles) character file.

Game seed: 8794490140628949913

48 DildoBatman the Conjurer (level 4, 0/32 HPs)
             Began as a Formicid Conjurer on Dec 16, 2022.
             Slain by a quokka (4 damage)
             ... on level 2 of the Dungeon.
             The game lasted 00:03:24 (1370 turns).

DildoBatman the Conjurer (Formicid Conjurer)        Turns: 1370, Time: 00:03:25

Health: 0/32       AC:  4    Str: 12    XL:     4   Next: 0%
Magic:  6/8        EV: 12    Int: 19    God:
Gold:   115        SH:  0    Dex: 10    Spells: 5/8 levels left

rFire   . . .      SeeInvis +   l - +2 spear (vamp)
rCold   . . .      Faith    .   (no shield)
rNeg    + + .      Spirit   .   m - +2 robe of the Yeti {rPois rN+ Dex-2 Stlth+}
rPois   +          Reflect  .   (helmet unavailable)
rElec   .          Harm     .   (no cloak)
rCorr   .          Rampage  .   (no gloves)
Will    .....                   (no boots)
Stlth   +++.......              (no amulet)
HPRegen 0.10/turn               j - ring of poison resistance
MPRegen 0.11/turn               k - ring of positive energy

@: no status effects
A: permanent stasis, dig shafts and tunnels, antennae 3, four strong arms
a: Dig, Shaft Self


You were on level 2 of the Dungeon.
You visited 1 branch of the dungeon, and saw 2 of its levels.

You collected 115 gold pieces.

Inventory:

Hand Weapons
 d - a +0 club
 i - a +0 short sword
 l - a +2 vampiric spear (weapon)
Missiles
 e - 16 stones
 o - 9 poisoned darts
Armour
 m - the +2 robe of the Yeti (worn) {rPois rN+ Dex-2 Stlth+}
   (You found it on level 2 of the Dungeon)

   Dex:       It affects your dexterity (-2).
   rPois:     It protects you from poison.
   rN:        It protects you from negative energy.
   Stlth:     It makes you more stealthy.
Jewellery
 j - a ring of poison resistance (left hand)
 k - a ring of positive energy (right hand)
 n - a ring of fire
Scrolls
 a - a scroll of identify {unknown}
 h - a scroll of poison {unknown}
 q - a scroll of acquirement {unknown}
 r - a scroll of teleportation {unknown}
Potions
 b - a potion of magic
 c - a potion of curing {unknown}
 f - a potion of lignification {unknown}
 g - a potion of brilliance {unknown}
 p - a potion of heal wounds {unknown}


   Skills:
 * Level 1.4 Fighting
 * Level 1.4 Armour
 - Level 2.0 Dodging
 - Level 2.4 Stealth
 * Level 2.8 Spellcasting
 * Level 3.9 Conjurations


You had 5 spell levels left.
You knew the following spells:

 Your Spells              Type           Power      Damage    Failure   Level
a - Searing Ray           Conj           34%        2d5       4%          2
c - Magic Dart            Conj           68%        1d6       3%          1

Your spell library contained the following spells:

 Spells                   Type           Power      Damage    Failure   Level
 Dazzling Flash           Conj/Hex       20%        N/A       21%         3
 Fulminant Prism          Conj/Hex       5%         3d7       56%         4
 Iskenderun's Mystic Bla  Conj/Tloc      10%        2d4       56%         4


Dungeon Overview and Level Annotations

Branches:
Dungeon (2/15)

Altars:

Shops:
D:2 ?

Annotations:
D:2 Natasha, Sigmund


Innate Abilities, Weirdness & Mutations

You cannot be hasted, slowed, berserked, paralysed or teleported.
You can dig through walls and to a lower floor.
You have a pair of large antennae on your head. (SInv)
Your four strong arms can wield two-handed weapons with a shield.


Message History

What are your orders? t - Shout!
Orders for allies: a - Attack new target. r - Retreat! s - Stop attacking. g - Guard the area. f - Follow me.
Anything else - Cancel.
You shout for attention!
The rat completely misses you.
The quokka bites you but does no damage.
Natasha barely misses you. What are your orders? t - Shout!
Orders for allies: a - Attack new target. r - Retreat! s - Stop attacking. g - Guard the area. f - Follow me.
Anything else - Cancel.
You shout for attention!
The quokka closely misses you. The rat bites you but does no damage.
A rat comes into view.
Natasha claws you! What are your orders? t - Shout!
Orders for allies: a - Attack new target. r - Retreat! s - Stop attacking. g - Guard the area. f - Follow me.
Anything else - Cancel.
You shout for attention!
The quokka closely misses you. The rat barely misses you.
Natasha closely misses you. What are your orders? t - Shout!
Orders for allies: a - Attack new target. r - Retreat! s - Stop attacking. g - Guard the area. f - Follow me.
Anything else - Cancel.
You shout for attention!
The quokka bites you.
You die...

..∩. #.# ⌠.⌠ #.# ..#
#.# #.# ##.##
#.######...#
#.#........#
#####..........####
..#...r....>..#.....#
#.r...r@............#
###...h.............#
##
#...........#.....#
#.
#######.....##....#
#. ########....###.
#.....##. #.....##'
#####.... ##...


You could see Natasha, a quokka and 2 rats.

Vanquished Creatures
  2 dart slugs
  5 endoplasms (D:1)
  2 giant cockroaches (D:1)
  2 goblins
  6 hobgoblins
  2 jackals (D:1)
  4 ball pythons
  7 bats
  5 frilled lizards
  3 kobolds
  A rat (D:2)
39 creatures vanquished.

Notes
Turn   | Place    | Note
-------+----------+-------------------------------------------
     0 | D:1      | DildoBatman the Formicid Conjurer began the quest for the
                  | Orb.
     0 | D:1      | Reached XP level 1. HP: 13/13 MP: 3/3
   248 | D:1      | Reached XP level 2. HP: 18/20 MP: 3/5
   251 | D:1      | Learned a level 2 spell: Searing Ray
   422 | D:1      | Found a faded altar of an unknown god.
   580 | D:1      | Reached XP level 3. HP: 24/25 MP: 3/6
   625 | D:1      | Reached skill level 1 in Fighting
   625 | D:1      | Reached skill level 1 in Armour
  1050 | D:2      | Identified the +2 robe of the Yeti {rPois rN+ Dex-2 Stlth+}
  1249 | D:2      | Noticed Sigmund
  1349 | D:2      | Found Qeganal's Magic Scroll Emporium.
  1352 | D:2      | Reached XP level 4. HP: 32/32 MP: 4/8
  1358 | D:2      | Noticed Natasha
  1370 | D:2      | Slain by a quokka

Illustrated notes

Levels and vault maps discovered:
D:1:      amcnicky_arrival_gap_in_the_tavern_cellar, layout_loops_cross,
          hellmonk_ecumenical_altar_defaced_shrine
D:2:      layout_basic, serial_shops, shop_fountains, uniq_sigmund, uniq_natasha

Skill      XL: |  1  2  3 |
---------------+----------+-----
Dodging        | 2 |  2.0
Fighting       | 1 |  1.4
Armour         | 1 |  1.4
Stealth        | |  2.4
Spellcasting   | |  2.8
Conjurations   | |  3.9

Action                   |  1- 3 |  4- 6 || total
-------------------------+-------+-------++-------
Melee: Unarmed           |     7 |       ||     7
       Club              |    12 |       ||    12
       Spear             |    13 |       ||    13
       Short sword       |     5 |       ||     5
 Cast: Magic Dart        |    64 |       ||    64
       Searing Ray       |     2 |       ||     2
 Stab: Sleeping          |     3 |       ||     3
Armor: Robe              |     7 |     4 ||    11
Dodge: Dodged            |    27 |    17 ||    44
